 Dungeon Crawl Stone Soup version 0.20-a0-1126-g0f15420 (webtiles) character file.

155 micr0chasm the Charmwright (level 5, -2/31 HPs)
             Began as a Halfling Skald on May 17, 2017.
             Was an Initiate of Hepliaklqana.
             Killed by divine providence
             ... invoked by an orc priest
              (8 damage)
             ... on level 3 of the Dungeon.
             The game lasted 00:03:57 (2363 turns).

micr0chasm the Charmwright (Halfling Skald)         Turns: 2363, Time: 00:03:57

Health: -2/31      AC:  5    Str: 13    XL:     5   Next: 63%
Magic:  7/7        EV: 15    Int: 11    God:    Hepliaklqana [......]
Gold:   87         SH:  0    Dex: 14    Spells: 2/7 levels left

rFire    . . .     SeeInvis .   q - +0 dagger (venom)
rCold    . . .     Gourm    .   (shield restricted)
rNeg     . . .     Faith    .   b - +0 leather armour
rPois    .         Spirit   .   p - +0 helmet
rElec    .         Reflect  .   (no cloak)
rCorr    .         Harm     .   u - +0 pair of gloves
MR       .....                  (no boots)
Stlth    +.........             (no amulet)
Regen    0.1/turn               (no ring)
MPRegen  0.1/turn               (no ring)

@: no status effects
A: reduced essence, mutation resistance 1
a: Recall Ancestor, Ancestor Identity, Renounce Religion


You were on level 3 of the Dungeon.
You worshipped Hepliaklqana.
Hepliaklqana was noncommittal.
You were not hungry.

You visited 1 branch of the dungeon, and saw 3 of its levels.

You collected 87 gold pieces.

Inventory:

Hand Weapons
 a - a +0 hand axe
 q - a +0 dagger of venom (weapon)
Missiles
 i - 3 tomahawks of returning (quivered)
Armour
 b - a +0 leather armour (worn)
 p - a +0 helmet (worn)
 u - a +0 pair of gloves (worn)
Jewellery
 g - a cursed ring of loudness {unknown}
 s - an uncursed ring of fire {unknown}
 w - an uncursed ring of poison resistance {unknown}
Scrolls
 e - a scroll of fog {unknown}
 h - a scroll of identify {unknown}
 j - 2 scrolls of remove curse {unknown}
 l - a scroll of enchant weapon {unknown}
 m - 2 scrolls of amnesia {unknown}
 t - a scroll of enchant armour {unknown}
Potions
 k - 2 potions of flight {unknown}
 o - a potion of might {unknown}
 r - 3 potions of heal wounds {unknown}
 v - a potion of curing {unknown}
 x - a potion of agility {unknown}
 z - 2 potions of ambrosia {unknown}
Books
 c - a book of Battle

   Spells                             Type                      Level
   a - Infusion                       Charms                       1
   b - Shroud of Golubria             Charms/Translocation         2
   c - Song of Slaying                Charms                       2
   d - Spectral Weapon                Hexes/Charms                 3
   e - Regeneration                   Charms/Necromancy            3
Comestibles
 d - 3 bread rations
 f - a meat ration
 n - a royal jelly
 A - 6 chunks of flesh


   Skills:
 + Level 2.5 Fighting
 * Level 3.5 Axes
 + Level 2.4 Armour
 + Level 2.9 Dodging
 - Level 1.5 Spellcasting
 + Level 4.0 Charms


You had 2 spell levels left.
You knew the following spells:

 Your Spells              Type           Power        Failure   Level  Hunger
a - Infusion              Chrm           #...         8%          1    ##.....
b - Song of Slaying       Chrm           #.......     12%         2    ###....
c - Shroud of Golubria    Chrm/Tloc      #.........   26%         2    ###....


Dungeon Overview and Level Annotations

Branches:
Dungeon (3/15)

Altars:
Hepliaklqana
Okawaru


Innate Abilities, Weirdness & Mutations

You are small and have problems with some larger weapons.
You are somewhat resistant to further mutation.
Your life essence is reduced. (-10% HP)


Message History

The orc shouts!
You hit the orc priest.
The orc priest is poisoned.
The orc priest is lightly wounded.
The orc priest closely misses you.
You see here 2 stones.
You see here a stone.
The orc priest mumbles some strange prayers to Beogh against you.
You barely resist.
You see here a stone.
The orc priest calls down the wrath of Beogh upon you.
Pain shoots through your body!
You kill the orc priest!
Your Charms skill increases to level 4!
The orc priest invokes the aid of Beogh against you.
Beogh smites you!
* * * LOW HITPOINT WARNING * * *
You see here a dagger of draining.
The orc priest calls down the wrath of Beogh upon you.
Beogh smites you!
You die...

#.............#
#######.#######)#########
............<...).......#
######...#.####.######.##
........#.#<...#
.######.#.###..#
#.#......# #.######.#
#@## #.# #..# #.# ##.##
#.# #..# #.# ##.## #.#
#..# #.# ########### ##.#
#.# #..o......# ##o###.##
#.#######.# #.......#


You could see an orc priest.

Vanquished Creatures
  An orc priest (D:3)
  2 adders (D:2)
  An ooze (D:2)
  A dart slug (D:2)
  2 orcs (D:3)
  A ball python (D:2)
  3 giant cockroaches
  6 goblins
  A hobgoblin (D:2)
  6 jackals
  6 kobolds
  2 bats
  2 rats (D:2)
34 creatures vanquished.

Vanquished Creatures (collateral kills)
  2 orc wizards (D:3)
  2 orcs (D:3)
  A jackal (D:3)
5 creatures vanquished.

Vanquished Creatures (others)
  An ancestor (D:3)
1 creature vanquished.

Grand Total: 40 creatures vanquished

Notes
Turn   | Place    | Note
-------+----------+-------------------------------------------
     0 | D:1      | micr0chasm the Halfling Skald began the quest for the Orb.
     0 | D:1      | Reached XP level 1. HP: 14/14 MP: 3/3
   150 | D:1      | Reached XP level 2. HP: 2/19 MP: 4/4
   961 | D:2      | Reached XP level 3. HP: 15/24 MP: 3/5
  1519 | D:2      | Reached XP level 4. HP: 9/29 MP: 2/6
  1658 | D:2      | Learned a level 2 spell: Song of Slaying
  1661 | D:2      | Learned a level 2 spell: Shroud of Golubria
  1928 | D:2      | Found a hazy altar of Hepliaklqana.
  1928 | D:2      | Found an iron altar of Okawaru.
  1934 | D:2      | Became a worshipper of Hepliaklqana the Forgotten
  2310 | D:3      | Reached XP level 5. HP: 25/31 MP: 7/7
  2334 | D:3      | Reached skill level 4 in Charms
  2363 | D:3      | Killed from afar by an orc priest

Vault maps used:
D:1:      dpeg_arrival_erosion, minivault_11
D:2:      gammafunk_temple_overflow_statue, solitary_fountain
D:3:      chequers_ecumenical_altar_island, uniq_ijyb

Skill      XL: |  1  2  3  4  5 |
---------------+----------------+-----
Fighting       | 2 |  2.5
Axes           | 3 |  3.5
Armour         | 2 |  2.4
Charms         | 4 |  4.0
Dodging        | |  2.9
Spellcasting   | |  1.5

Action                   |  1- 3 |  4- 6 || total
-------------------------+-------+-------++-------
Melee: Hand axe          |    44 |       ||    44
       Dagger            |    36 |    32 ||    68
Throw: Tomahawk          |     6 |     2 ||     8
 Cast: Infusion          |     4 |       ||     4
  Eat: Chunk             |     2 |     3 ||     5
Armor: Leather armour    |    19 |     5 ||    24
Dodge: Dodged            |    67 |    17 ||    84
